 Dungeon Sprint DCSS version 0.32-a0-411-g744942f433 (webtiles) character file.

Game seed: 16603020640615803903

126 shadowstone the Grappler (level 7, -14/79 HPs)
             Began as a Troll Berserker on Feb 20, 2024.
             Was a High Priest of Trog.
             Demolished by an earth elemental (29 damage)
             ... in the Dungeon (Sprint VI: "Thunderdome").
             The game lasted 00:02:21 (325 turns).

shadowstone the Grappler (Troll Berserker)           Turns: 325, Time: 00:02:21

Health: -14/79     AC: -8    Str: 28    XL:     7   Next: 21%
Magic:  6/6        EV: 11    Int:  3    God:    Trog [*****.]
Gold:   400        SH:  0    Dex:  9    Spells: 6/6 levels left

rFire   . .          .
                       - Unarmed
rCold   . . .        (no shield)
rNeg    . . .        a - +0 animal skin
rPois   .            (helmet restricted)
rElec   .            (no cloak)
rCorr   .            (gloves unavailable)
SInv    .            (boots unavailable)
Will    .....        (no amulet)
Stlth   +            (no ring)
HPRegen 1.13/turn    (no ring)
MPRegen 0.10/turn

%: no teleportation
@: corroded
A: large, unfitting armour, claws 3, regeneration 1, shaggy fur 1, tough skin 1
a: Renounce Religion, Berserk, Trog's Hand, Brothers in Arms


You were in the Dungeon.
You worshipped Trog.
Trog was extremely pleased with you.
You visited 1 branch You collected 400 gold pieces.

Inventory:

Armour
 a - a +0 animal skin (worn)
Wands
 j - a wand of roots (5)
Scrolls
 g - 4 scrolls of blinking
 k - 3 scrolls of fog
Potions
 b - a potion of curing
 c - 4 potions of heal wounds
 d - 4 potions of haste
 e - 2 potions of magic
 f - a potion of berserk rage
 h - a potion of resistance


   Skills:
 + Level 7.6 Fighting
 + Level 7.5 Dodging
 + Level 10.5 Unarmed Combat
 + Level 0.2 Evocations


You had 6 spell levels left.
You didn't know any spells.
Your spell library was empty.

Dungeon Overview and Level Annotations

Branches:
Dungeon (1/1)

Altars:
Cheibriados
Dithmenos
Fedhas
Gozag
Kikubaaqudgha
Makhleb
Okawaru
Qazlal
Ru
Sif Muna
Trog
Uskayaw
Vehumet
Wu Jian
Xom
Yredelemnul
Zin
The Shining One
Beogh
Lugonu

Shops:
D *[=??*?*:[((!!!!


Innate Abilities, Weirdness & Mutations

You are too large for most types of armour.
You have claws for hands.
Your natural rate of healing is unusually fast.
You are covered in fur. (AC +1)
You have tough skin. (AC +1)


Message History

You have reached level 7!
The bolt of light hits the boulder beetle but does no damage.
The boulder beetle is blinded.
The boulder beetle barely misses you.
The boulder beetle stops rolling and uncurls.
The bolt of light hits the boulder beetle but does no damage.
The boulder beetle closely misses you.
The bolt of light hits the boulder beetle but does no damage.
The now-empty wand crumbles to dust.
The boulder beetle bites you!
Nothing quivered!
You barely miss the earth elemental.
You claw the earth elemental, but do no damage.
You scratch the earth elemental but do no damage. 50...
The boulder beetle misses you.
The earth elemental completely misses you.
You scratch the earth elemental but do no damage.
The boulder beetle bites you.
You scratch the earth elemental but do no damage.
The boulder beetle is no longer blind.
The earth elemental hits you! The boulder beetle bites you!!
You scratch the earth elemental.
The earth elemental is lightly damaged.
The boulder beetle leaps!
You scratch the earth elemental but do no damage.
The earth elemental is lightly damaged.
The earth elemental completely misses you.
You scratch the earth elemental but do no damage.
The earth elemental is lightly damaged.
The boulder beetle curls into a ball and begins rolling!
You scratch the earth elemental but do no damage.
You claw the earth elemental!
The earth elemental is moderately damaged.
The earth elemental hits you!!
* * * LOW HITPOINT WARNING * * *
You scratch the earth elemental.
The earth elemental is moderately damaged.
You completely miss the earth elemental.
The earth elemental is moderately damaged.
The earth elemental hits you!!
You die...

#⌠..........###...###........
#⌠..........# #.<.# #........
#⌠...÷......###...###........
##...).........###...........
###∩........ß.# #.ß........∩
##∩___......###......___∩#
######.ß.........ß.######
#⌠...........⌠#
###@EB○.....### #_...°°.._#
#_.....°._# #_......._#
#∩.......∩# ##∩.....∩##
##.....## ##⌠⌠⌠## #####


You could see a boulder beetle (rolling) and an earth elemental.

Vanquished Creatures
  A rust devil (D)
  6 vampire bats (D)
  2 jellies (D)
  An adder (D)
  An orc (D)
  3 endoplasms (D)
  A goblin (D)
  A hobgoblin (D)
16 creatures vanquished.

Notes
Turn   | Place    | Note
-------+----------+-------------------------------------------
     0 | D        | shadowstone the Troll Berserker began the quest for the
                  | Orb.
     0 | D        | Reached XP level 1. HP: 22/22 MP: 0/0
     4 | D        | Found a corrupted altar of Lugonu.
     5 | D        | Found a shimmering altar of Xom.
     5 | D        | Round 1.
     6 | D        | Found a shadowy altar of Dithmenos.
     7 | D        | Found an ancient bone altar of Kikubaaqudgha.
     7 | D        | Found Aminluisk's Staff Store.
     7 | D        | Found Yhiysm's Magic Scroll Shop.
     8 | D        | Found Xacwiwn's Must-Have Magic.
     8 | D        | Found Efag's Magic Scroll Shop.
    12 | D        | Found a snail-covered altar of Cheibriados.
    13 | D        | Found a roughly hewn altar of Beogh.
    16 | D        | Found an iron altar of Okawaru.
    17 | D        | Found Puseummy's Timeless Talismans.
    18 | D        | Found a glowing golden altar of the Shining One.
    18 | D        | Found a glowing silver altar of Zin.
    18 | D        | Found a stormy altar of Qazlal.
    18 | D        | Found Wubbaz's Identification Station.
    19 | D        | Found Femah's Jewellery.
    19 | D        | Found Fintaibb's Advanced Armour.
    30 | D        | Found a sacrificial altar of Ru.
    41 | D        | Reached ** piety under Trog
    75 | D        | Reached skill level 4 in Unarmed Combat
    75 | D        | Reached XP level 2. HP: 28/31 MP: 1/1
    77 | D        | Arena points: 12 (+12) [x2]
   112 | D        | Found a bloodstained altar of Trog.
   118 | D        | Found a radiant altar of Vehumet.
   119 | D        | Found Tynock's Premium Goods.
   120 | D        | Found Baporiamm's Miscellaneous Merchandise.
   120 | D        | Found Walu's Basic Armour.
   121 | D        | Found an ornate altar of the Wu Jian Council.
   121 | D        | Found a hide-covered altar of Uskayaw.
   121 | D        | Found a basalt altar of Yredelemnul.
   121 | D        | Found Zudetset's Weapon Rack.
   128 | D        | Found an opulent altar of Gozag.
   130 | D        | Found a shimmering blue altar of Sif Muna.
   141 | D        | Round 2.
   143 | D        | Found a blossoming altar of Fedhas.
   145 | D        | Found Bukuorit's Do-It-Yourself Clinic.
   151 | D        | Reached skill level 5 in Unarmed Combat
   151 | D        | Reached XP level 3. HP: 36/39 MP: 2/2
   154 | D        | Reached *** piety under Trog
   155 | D        | Reached XP level 4. HP: 27/49 MP: 3/3
   186 | D        | Found a burning altar of Makhleb.
   186 | D        | Found Zamov's Distillery.
   188 | D        | Found Ewie's Bottled Wisdom.
   188 | D        | Found Xap Silu's Distillery.
   205 | D        | Arena points: 42 (+30) [x3]
   220 | D        | Round 3.
   226 | D        | Reached skill level 5 in Fighting
   226 | D        | Reached skill level 5 in Dodging
   226 | D        | Reached skill level 6 in Unarmed Combat
   233 | D        | Reached **** piety under Trog
   234 | D        | Reached skill level 7 in Unarmed Combat
   234 | D        | Reached XP level 5. HP: 55/57 MP: 4/4
   265 | D        | Reached skill level 8 in Unarmed Combat
   268 | D        | Reached ***** piety under Trog
   269 | D        | Reached XP level 6. HP: 67/68 MP: 5/5
   269 | D        | Arena points: 126 (+84) [x4]
   299 | D        | Round 4.
   302 | D        | Noticed a rust devil
   308 | D        | Noticed a boulder beetle
   311 | D        | Killed a rust devil
   312 | D        | Reached skill level 10 in Unarmed Combat
   312 | D        | Reached XP level 7. HP: 62/79 MP: 6/6
   325 | D        | Demolished by an earth elemental

Illustrated notes

Levels and vault maps discovered:
D:        arena_sprint

Skill      XL: |  1  2  3  4  5  6 |
---------------+-------------------+-----
Fighting       | 3 4 5 6 7 |  7.6
Dodging        | 3 4 5 6 7 |  7.5
Unarmed Combat | 4 5 7 8 10 | 10.5
Evocations     | |  0.2

Action                     |  1- 3 |  4- 6 |  7- 9 || total
---------------------------+-------+-------+-------++-------
  Melee: Unarmed           |    20 |    17 |    10 ||    47
         Punch             |       |       |     2 ||     2
  Evoke: Wand              |       |     2 |     3 ||     5
 Armour: Animal skin       |    17 |    37 |     6 ||    60
  Dodge: Dodged            |    15 |    28 |     5 ||    48

Table legend: (Time is in decaauts)
 A = Elapsed time spent in this place.
 B = Non-inter-level travel time spent in this place.
 C = Inter-level travel time spent in this place.
 D = Time resting spent in this place.
 E = Time spent auto-exploring this place.
 F = Levels seen in this place.
 G = Mean time per level.
                   A        B        C        D        E       F      G
               +--------+--------+--------+--------+--------+-----+--------+
         Total |    319 |    297 |     22 |     34 |      6 |   1 |  319.0 |
       Dungeon |    319 |    297 |     22 |     34 |      6 |   1 |  319.0 |
               +--------+--------+--------+--------+--------+-----+--------+

Top non-repeatable levels by time:
       D: 319 daAuts
